 Dungeon Crawl Stone Soup version 0.27.1-33-g824d729ab1 (webtiles) character file.

Game seed: 14884680092873942812

626 ces the Covert (level 7, -1/27 (36) HPs)
             Began as a Spriggan Brigand on Nov 30, 2021.
             Was an Initiate of Gozag.
             Slain by a wight (4 damage)
             ... on level 5 of the Dungeon.
             The game lasted 00:11:52 (5712 turns).

ces the Covert (Spriggan Brigand)                   Turns: 5712, Time: 00:11:53

HP:   -1/27 (36)    AC:  3    Str:  4 (7)  XL:     7   Next: 23%
MP:   8/8           EV: 19    Int: 15 (16) God:    Gozag
Gold: 196           SH:  5    Dex: 18 (19) Spells: 6/6 levels left

rFire    + . .     SeeInvis +   a - +7 dagger of Butchery {venom, rElec rF+ Int+4}
rCold    . . .     Faith    .   (shield restricted)
rNeg     . . .     Spirit   .   b - +0 robe
rPois    .         Reflect  +   (helmet restricted)
rElec    +         Harm     .   c - +0 cloak
rCorr    .         Rampage  .   (gloves unavailable)
Will     +....                  (boots unavailable)
Stlth    +++++.....             r - amulet of reflection
HPRegen  0.09/turn              (no ring)
MPRegen  0.11/turn              (no ring)

@: very heavily drained, very quick
A: very small, no large weapons, unfitting armour, see invisible, speed 3
a: Renounce Religion, Potion Petition, Call Merchant, Bribe Branch


You were on level 5 of the Dungeon.
You worshipped Gozag.
Gozag was aware of your devotion.
You visited 2 branches of the dungeon, and saw 6 of its levels.

You collected 236 gold pieces.
You paid 40 gold pieces to Gozag.

Inventory:

Hand Weapons
 a - the +7 dagger of Butchery (weapon) {venom, rElec rF+ Int+4}
   (You found it on level 4 of the Dungeon)

   It poisons the flesh of those it strikes.
   Int:       It affects your intelligence (+4).
   rF:        It protects you from fire.
   rElec:     It insulates you from electricity.
Missiles
 s - 6 poisoned darts (quivered)
 t - a throwing net
Armour
 b - a +0 robe (worn)
 c - a +0 cloak (worn)
Jewellery
 r - an amulet of reflection (around neck)
 u - a ring of flight
 v - a +6 ring of intelligence
Scrolls
 e - a scroll of immolation {unknown}
 f - 2 scrolls of noise
 g - a scroll of brand weapon {unknown}
 h - a scroll of enchant armour {unknown}
 k - 4 scrolls of teleportation {unknown}
 m - a scroll of blinking {unknown}
 n - 3 scrolls of identify {unknown}
 q - a scroll of vulnerability {unknown}
Potions
 d - a potion of haste {unknown}
 i - 2 potions of attraction {unknown}
 j - a potion of degeneration
 l - a potion of heal wounds
 o - 2 potions of curing
 p - a potion of mutation {unknown}


   Skills:
 + Level 3.1 Fighting
 + Level 4.3 Short Blades
 - Level 2.0 Throwing
 + Level 4.5 Dodging
 * Level 9.8 Stealth


You had 6 spell levels left.
You didn't know any spells.
Your spell library contained the following spells:

 Spells                   Type           Power      Damage    Failure   Level
 Magic Dart               Conj           0%         1d3       26%         1
 Call Imp                 Summ           0%         N/A       38%         2
 Corpse Rot               Necr/Air       N/A        N/A       38%         2
 Poisonous Vapours        Pois/Air       0%         N/A       38%         2
 Static Discharge         Conj/Air       0%         N/A       38%         2
 Mephitic Cloud           Conj/Pois/Air  0%         N/A       63%         3
 Dispel Undead            Necr           0%         3d6       95%         4
 Sticky Flame             Conj/Fire      0%         2d3       95%         4
 Freezing Cloud           Conj/Ice/Air   0%         6-21      100%        5


Dungeon Overview and Level Annotations

Branches:
Dungeon (5/15)             Temple (1/1) D:4

Altars:
Cheibriados
Dithmenos
Gozag
Hepliaklqana
Kikubaaqudgha
Makhleb
Nemelex Xobeh
Okawaru
Ru
Sif Muna
Uskayaw
Vehumet
Wu Jian
Xom
The Shining One

Shops:
D:1 (


Innate Abilities, Weirdness & Mutations

You are very small and have problems with some larger weapons.
You are too small for most types of armour.
You have supernaturally acute eyesight. (SInv)
You cover ground extremely quickly. (Speed+++)


Message History

The wight is lightly damaged.
The wight completely misses you. You block the wight's attack.
The wight barely misses you. You block the wight's attack.
The wight hits you with a +3 long sword!
You completely miss the wight. The wight completely misses you. x3
You hit the wight.
The wight is moderately damaged.
The wight hits you with a +3 long sword.
You feel drained.
The wight hits you with a +2 long sword.
You feel drained. The wight completely misses you.
The wight closely misses you.
As you read the scroll labelled TEPREYST LUAMYP, it crumbles to dust.
You hear a loud clanging noise!
It was a scroll of noise.
The wight hits you with a +3 long sword.
The wight completely misses you. The wight hits you with a +1 battleaxe!
You feel drained.
* * * LOW HITPOINT WARNING * * *
You block the wight's attack.
Okay, then.
It was a potion of degeneration.
There was something very wrong with that liquid.
You feel weakened.
You feel dopey.
You feel clumsy. You block the wight's attack. The wight barely misses you. x2
The wight misses you.
It was a potion of heal wounds.
You feel much better.
The wight hits you with a +3 long sword!
You feel drained. The wight misses you. You block the wight's attack.
The wight hits you with a +0 battleaxe!
* * * LOW HITPOINT WARNING * * *
You feel drained.
It was a potion of curing.
You feel better.
The wight hits you with a +3 long sword!
* * * LOW HITPOINT WARNING * * *
You feel drained.
You die...
Your body crumbles into a pile of gold.

## ###### ###########
.# #....##
##.........## .#
###...####...........##
.#
##..z##z............##
.#
##.z@#...............
.##
###zz...8..###....#.
..# ##......###...###
#.# ##...### #..## #.#
##....###.## #.#
##....#.## #.# ##
#.....## #.##
##.######...## ##.#
###.....####..#


You could see 4 wights.

Vanquished Creatures
  A phantom (D:5)
  A kobold brigand (D:4)
  A scorpion (D:4)
  A hound (D:4)
  A jelly (D:5)
  A bullfrog skeleton (D:5)
  3 iguanas
  Terence (D:2)
  7 gnolls
  10 adders
  2 adder skeletons (D:4)
  2 worms
  5 dart slugs
  2 orcs
  8 endoplasms
  3 giant cockroaches
  6 goblins
  2 hobgoblins (D:1)
  2 quokkas
  3 ball pythons
  A bat (D:2)
  2 frilled lizards (D:1)
  6 kobolds
  2 rats
73 creatures vanquished.

Notes
Turn   | Place    | Note
-------+----------+-------------------------------------------
     0 | D:1      | ces the Spriggan Brigand began the quest for the Orb.
     0 | D:1      | Reached XP level 1. HP: 10/10 MP: 2/2
     8 | D:1      | Reached skill level 6 in Stealth
   467 | D:1      | Reached XP level 2. HP: 14/14 MP: 3/3
   519 | D:1      | Found Koysm's Weapon Boutique.
   571 | D:1      | Found a faded altar of an unknown god.
  1247 | D:2      | Noticed Terence
  1253 | D:2      | Killed Terence
  1254 | D:2      | Reached skill level 7 in Stealth
  1254 | D:2      | Reached XP level 3. HP: 18/18 MP: 4/4
  2287 | D:3      | Reached XP level 4. HP: 12/23 MP: 5/5
  3279 | D:4      | Found a shimmering blue altar of Sif Muna.
  3383 | D:4      | Reached XP level 5. HP: 18/26 MP: 6/6
  3395 | D:4      | Reached skill level 8 in Stealth
  3964 | D:4      | Reached XP level 6. HP: 20/32 MP: 7/7
  4205 | D:4      | Found a staircase to the Ecumenical Temple.
  4228 | D:4      | Found a snail-covered altar of Cheibriados.
  4664 | D:4      | Reached skill level 9 in Stealth
  4772 | Temple   | Entered the Ecumenical Temple
  4871 | Temple   | Became a worshipper of Gozag Ym Sagoz the Greedy
  4984 | D:4      | Identified the +7 dagger of Butchery {venom, rElec rF+
                  | Int+4}
  5192 | D:5      | Entered Level 5 of the Dungeon
  5276 | D:5      | Reached XP level 7. HP: 36/36 MP: 8/8
  5712 | D:5      | Slain by a wight

Illustrated notes

Levels and vault maps discovered:
D:1:      scummos_arrival_star, layout_basic, serial_shops,
          nicolae_shop_statue_plus, hellmonk_ecumenical_altar_crossroads
D:2:      layout_basic, uniq_terence
D:3:      layout_basic
D:4:      minmay_diamond_boxcup, layout_basic, kennysheep_slug_shrine,
          mainiacjoe_overflow_tiny_flanked, minmay_temple_entry_junction
D:5:      layout_cave_pods, serial_column_ruins, column_ruins_grid_1,
          column_ruins_grid_1, column_ruins_corridor_straight,
          column_ruins_grid_1, column_ruins_open_medium
Temple:   cyrus_circular_temple

Skill      XL: |  1  2  3  4  5  6 |
---------------+-------------------+-----
Stealth        | 6 7 8 9 |  9.8
Dodging        | 2 3 4 |  4.5
Fighting       | 2 3 |  3.1
Short Blades   | 3 4 |  4.3
Throwing       | |  2.0

Action                   |  1- 3 |  4- 6 |  7- 9 || total
-------------------------+-------+-------+-------++-------
Melee: Dagger            |    71 |   121 |    29 ||   221
Throw: Dart              |    26 |    66 |     4 ||    96
  Use: Potion            |       |       |     3 ||     3
       Scroll            |       |       |     1 ||     1
 Stab: Sleeping          |     6 |    10 |     1 ||    17
       Distracted        |       |     2 |       ||     2
Armor: Robe              |    13 |     7 |     1 ||    21
Dodge: Dodged            |    49 |    75 |    32 ||   156
Block: Other             |       |    28 |     8 ||    36
